 Dungeon Crawl Stone Soup version 0.30-a0-219-gf2db51d15e (webtiles) character file.

Game seed: 279203456885783124

114 zishaf the Sneak (level 4, -1/32 HPs)
             Began as a Vampire Enchanter on Oct 6, 2022.
             Slain by an orc
             ... wielding a +0 mace
              (2 damage)
             ... on level 3 of the Dungeon.
             The game lasted 00:05:16 (2269 turns).

zishaf the Sneak (Vampire Enchanter)                Turns: 2269, Time: 00:05:17

Health: -1/32      AC:  8    Str:  7    XL:     4   Next: 66%
Magic:  1/7        EV: 10    Int: 25    God:
Gold:   165        SH:  0    Dex: 14    Spells: 2/7 levels left

rFire   . . .      SeeInvis +    a - +1 dagger
rCold   + . .      Faith    .    (no shield)
rNeg    . . .      Spirit   .    q - +2 ring mail of the Three Visionaries {rC+}
rPois   .          Reflect  .    (no helmet)
rElec   .          Harm     .    (no cloak)
rCorr   .          Rampage  .    j - +0 pair of gloves
Will    .....                    (no boots)
Stlth   ++........               (no amulet)
HPRegen 0.45/turn                p - ring of wizardry
MPRegen 0.10/turn                t - +6 ring of intelligence

@: lethally poisoned (-1 -> -7), very slightly contaminated, healing quickly
A: alive, fangs 3, see invisible, vampiric 2
a: Exsanguinate


You were on level 3 of the Dungeon.
You visited 1 branch of the dungeon, and saw 4 of its levels.

You collected 165 gold pieces.

Inventory:

Hand Weapons
 a - a +1 dagger (weapon)
Armour
 b - a +0 robe
 j - a +0 pair of gloves (worn)
 q - the +2 ring mail of the Three Visionaries (worn) {rC+}
   (You found it on level 2 of the Dungeon)

   rC:        It protects you from cold.
Jewellery
 p - a ring of wizardry (left hand)
 t - a +6 ring of intelligence (right hand)
 u - a ring of fire
Wands
 o - a wand of polymorph (12)
Scrolls
 d - a scroll of torment {unknown}
 e - a scroll of acquirement {unknown}
 f - 3 scrolls of identify {unknown}
 g - 2 scrolls of teleportation {unknown}
 h - a scroll of magic mapping {unknown}
 k - a scroll of fear {unknown}
 m - a scroll of poison {unknown}
 n - a scroll of butterflies {unknown}
 r - a scroll of vulnerability {unknown}
 s - a scroll of immolation {unknown}
 v - a scroll of enchant armour {unknown}
Potions
 c - 2 potions of invisibility
 i - a potion of magic {unknown}
 l - a potion of curing {unknown}


   Skills:
 + Level 1.5 Fighting
 + Level 2.5 Short Blades
 - Level 2.1 Dodging
 + Level 5.5 Stealth
 - Level 2.0 Spellcasting
 + Level 5.3 Hexes
 + Level 1.2 Ice Magic


You had 2 spell levels left.
You knew the following spells:

 Your Spells              Type           Power      Damage    Failure   Level
a - Ensorcelled Hibernat  Hex/Ice        38%        N/A       6%          2
A - Confusing Touch       Hex            29%        N/A       5%          3

Your spell library contained the following spells:

 Spells                   Type           Power      Damage    Failure   Level
 Tukima's Dance           Hex            29%        N/A       5%          3
 Dazzling Flash           Conj/Hex       30%        N/A       16%         3
 Ozocubu's Armour         Ice            8%         N/A       26%         3
 Ozocubu's Refrigeration  Ice            4%         4d8       100%        7


Dungeon Overview and Level Annotations

Branches:
Dungeon (4/15)
 Temple: D:4-7

Altars:
Okawaru
Uskayaw


Innate Abilities, Weirdness & Mutations

Your natural rate of healing is accelerated.
You have razor-sharp teeth.
You have supernaturally acute eyesight. (SInv)
You are afflicted with vampirism and can become a bat while bloodless.


Message History

The orc hits you with a +0 mace.
The kobold hits you with a +0 short sword.
The scorpion stings you.
You climb upwards.
There is a stone staircase leading down here.
Casting: Ensorcelled Hibernation (safe; 6% risk of failure)
Confirm with . or Enter, or press ? or * to list all spells.
Aiming: Ensorcelled Hibernation (safe; 6% risk of failure)
Press: ? - help, Shift-Dir - straight line, f - scorpion
Aim: a scorpion (chance to affect: 51%)
You miscast Ensorcelled Hibernation.
You are very lightly contaminated with residual magic.
Nothing appears to happen.
The scorpion barely misses you. The orc hits you but does no damage.
The kobold hits you but does no damage.
Casting: Ensorcelled Hibernation (safe; 6% risk of failure)
Confirm with . or Enter, or press ? or * to list all spells.
Aiming: Ensorcelled Hibernation (safe; 6% risk of failure)
Press: ? - help, Shift-Dir - straight line, f/p - scorpion
Aim: a scorpion (chance to affect: 51%)
The scorpion resists with some effort.
The scorpion stings you.
You are lethally poisoned!
The scorpion poisons you! The orc hits you but does no damage.
The kobold hits you but does no damage.
The scorpion stings you but does no damage.
Casting: Ensorcelled Hibernation (safe; 6% risk of failure)
Confirm with . or Enter, or press ? or * to list all spells.
Aiming: Ensorcelled Hibernation (safe; 6% risk of failure)
Press: ? - help, Shift-Dir - straight line, f/p - scorpion
Aim: a scorpion (chance to affect: 51%)
The scorpion resists with some effort.
* * * LOW HITPOINT WARNING * * *
You feel very sick. The kobold hits you but does no damage.
The orc hits you but does no damage. The scorpion stings you.
* * * LOW HITPOINT WARNING * * *
You closely miss the scorpion.
* * * LOW HITPOINT WARNING * * *
You feel sick. The kobold hits you but does no damage.
The orc hits you with a +0 mace.
You die...

....# #.# #.# #.# #.#.....##
....# ##.####.###.# #.#.#####.
....# #.........#.# #.#.'.....
....# #..####÷#.#.###.#.#####.
###.# #.......#.#.#...#.....##
....# #.#####.#.#.#.###.#.....
##########.#.....#.#.#.#.....<...
...........#.###s#.#.#.##########
..............oo@#.#.#...........
###.........####K#.#.############
###........#####.#.#.#......<..#.
.................#.#.#'#####.#÷#.
.............#####.#......##.#.##
....###......# #<#......##.#.##
....# #......#####.#......##.#.>.
....###..........#.#......##.####
###.##.......)...'.#......##.....


You could see a scorpion, 2 orcs and a kobold.

Vanquished Creatures
  Ijyb (D:2)
  2 adders
  2 worms
  A dart slug (D:1)
  An orc (D:3)
  5 ball pythons
  2 bats
  5 endoplasms
  2 giant cockroaches
  12 goblins
  6 hobgoblins
  2 jackals (D:3)
  2 quokkas
  7 kobolds
  7 rats
57 creatures vanquished.

Notes
Turn   | Place    | Note
-------+----------+-------------------------------------------
     0 | D:1      | zishaf the Vampire Enchanter began the quest for the Orb.
     0 | D:1      | Reached XP level 1. HP: 13/13 MP: 3/3
   163 | D:1      | Reached XP level 2. HP: 18/20 MP: 5/5
   688 | D:1      | Reached skill level 1 in Fighting
   729 | D:1      | Found a faded altar of an unknown god.
   775 | D:1      | Reached skill level 5 in Stealth
   775 | D:1      | Gained mutation: You are afflicted with vampirism and can
                  | become a bat while bloodless. [Vampire growth]
   775 | D:1      | Reached XP level 3. HP: 26/26 MP: 6/6
   850 | D:1      | Learned a level 2 spell: Ensorcelled Hibernation
   894 | D:1      | Learned a level 3 spell: Confusing Touch
   941 | D:2      | You fall into a shaft and drop 1 floor!
  1066 | D:2      | Reached skill level 5 in Hexes
  1142 | D:2      | Noticed Ijyb
  1161 | D:2      | Killed Ijyb
  1162 | D:2      | Reached XP level 4. HP: 22/32 MP: 0/7
  1189 | D:2      | Reached skill level 1 in Ice Magic
  1242 | D:2      | Identified the +2 ring mail of the Three Visionaries {rC+}
  2157 | D:3      | Found a hide-covered altar of Uskayaw.
  2247 | D:4      | Found an iron altar of Okawaru.
  2256 | D:4      | Noticed a scorpion
  2269 | D:3      | HP: 1/32 [poisoned by a scorpion]
  2269 | D:3      | Slain by an orc

Illustrated notes

Levels and vault maps discovered:
D:1:      dpeg_arrival_signposts, layout_basic,
          shapermc_ecumenical_altar_mp_vishouse, interstate_on_off
D:2:      kennysheep_the_goblin_king, layout_rooms, basic_altar
D:3:      layout_basic, mainiacjoe_overflow_surrounded_room, skrybe_limestone_x
D:4:      kennysheep_big_flooded_room, layout_loops_ring, okawaru_gym_becter

Skill      XL: |  1  2  3  4 |
---------------+-------------+-----
Fighting       | 1 |  1.5
Stealth        | 5 |  5.5
Short Blades   | 2 |  2.5
Hexes          | 5 |  5.3
Ice Magic      | 1 |  1.2
Dodging        | |  2.1
Spellcasting   | |  2.0

Action                   |  1- 3 |  4- 6 || total
-------------------------+-------+-------++-------
Melee: Dagger            |    96 |    80 ||   176
       Bite              |    12 |     6 ||    18
 Cast: Ensorcelled Hiber |     7 |     2 ||     9
 Stab: Sleeping          |     8 |     3 ||    11
       Distracted        |     1 |       ||     1
Armor: Robe              |    14 |     1 ||    15
       Ring mail         |       |    36 ||    36
Dodge: Dodged            |    39 |    45 ||    84

Table legend: (Time is in decaauts)
 A = Elapsed time spent in this place.
 B = Non-inter-level travel time spent in this place.
 C = Inter-level travel time spent in this place.
 D = Time resting spent in this place.
 E = Time spent auto-exploring this place.
 F = Levels seen in this place.
 G = Mean time per level.
                   A        B        C        D        E       F      G
               +--------+--------+--------+--------+--------+-----+--------+
         Total |   2251 |   2168 |     83 |     40 |   1628 |   4 |  562.8 |
       Dungeon |   2251 |   2168 |     83 |     40 |   1628 |   4 |  562.8 |
               +--------+--------+--------+--------+--------+-----+--------+

Top non-repeatable levels by time:
     D:1: 848 daAuts
     D:2: 694 daAuts
     D:3: 692 daAuts
     D:4: 16 daAuts
